 Dungeon Crawl Stone Soup version 0.25.1-2-g60ff931df9 (webtiles) character file.

Game seed: 12121982689928809877

414991 Curus the Slayer (level 23, -8/172 HPs)
             Began as a Gargoyle Gladiator on Nov 7, 2020.
             Was the Champion of Okawaru.
             Hit by a large rock thrown by a stone giant (20 damage)
             ... summoned by a boggart
             ... summoned by a boggart
             ... on level 2 of the Depths on Nov 10, 2020.
             The game lasted 05:48:52 (58692 turns).

Curus the Slayer (Gargoyle Gladiator)              Turns: 58692, Time: 05:48:53

Health: -8/172     AC: 49    Str: 23    XL:     23   Next: 58%
Magic:  21/22      EV: 21    Int: 11    God:    Okawaru [******]
Gold:   1194       SH:  5    Dex: 18    Spells: 22/22 levels left

rFire    . . .     SeeInvis +   N - +9 great mace of Living Forgiveness {vorpal, Int+2}
rCold    + . .     Gourm    .   (shield currently unavailable)
rNeg     + . .     Faith    .   L - +1 plate armour {rC+}
rPois    ∞         Spirit   .   F - +2 hat {MR+}
rElec    +         Reflect  +   l - +1 cloak {MR+}
rCorr    .         Harm     .   Q - +3 pair of gauntlets of War {Slay+5}
MR       +++..                  Z - +2 pair of boots {run}
Stlth    ..........             R - amulet of reflection
HPRegen  0.38/turn              c - ring of see invisible
MPRegen  0.18/turn              j - +4 ring of slaying

@: heroism, quick
A: big wings, blurry vision 1, low mp 2, negative energy resistance 1,
electricity resistance, strong 1, unbreathing, petrification resistance, rot
immunity, subdued magic 1, AC +17
}: 2/15 runes: decaying, gossamer
a: Fly, Heroism, Finesse, Renounce Religion


You were on level 2 of the Depths.
You worshipped Okawaru.
Okawaru was exalted by your worship.
You were not hungry.

You visited 7 branches of the dungeon, and saw 37 of its levels.
You visited the Abyss 2 times.
You also visited: Gauntlet and Ice Cave.

You collected 5013 gold pieces.
You spent 3819 gold pieces at shops.

Inventory:

Hand Weapons
 N - the +9 great mace of Living Forgiveness (weapon) {vorpal, Int+2}
   (Okawaru gifted it to you on level 1 of the Lair of Beasts)

   It inflicts extra damage upon your enemies.
   It affects your intelligence (+2).
Missiles
 d - 4 throwing nets (quivered)
Armour
 a - the +4 chain mail of Absence {rCorr}
   (You found it on level 1 of the Swamp)

   It provides partial protection from all sources of acid and corrosion.
 l - a +1 cloak of magic resistance (worn)
 m - the +2 pair of gloves of Xireff {rF+++ rN+ MP+9 Int-5}
   (You found it in a Gauntlet)

   It affects your intelligence (-5).
   It renders you almost immune to fire.
   It protects you from negative energy.
   It affects your magic capacity (+9).
 x - a scarf of repulsion
 F - a +2 hat of magic resistance (worn)
 L - a +1 plate armour of cold resistance (worn)
 Q - the +3 pair of gauntlets of War (worn) {Slay+5}
   (Okawaru gifted it to you on level 1 of the Spider Nest)

   It affects your accuracy and damage with ranged weapons and melee attacks
   (+5).
 V - +0 fire dragon scales
 Z - a +2 pair of boots of running (worn)
Jewellery
 b - the ring "Jilyemoz" {rF+ rC+}
   (You bought it in a shop on level 2 of the Orcish Mines)

   [ring of protection from fire]

   It protects you from fire.
   It protects you from cold.
 c - a ring of see invisible (left hand)
 j - a +4 ring of slaying (right hand)
 k - an uncursed ring of resist corrosion
 w - the ring "Fiathrijo" {rPois MR+}
   (You found it on level 2 of the Spider Nest)

   [ring of poison resistance]

   It protects you from poison.
   It affects your resistance to hostile enchantments.
 B - an uncursed ring of protection from fire
 C - the ring "Qunahyqo" {*Slow rF+ Str+3 Int+3 Dex+6}
   (You found it on level 2 of the Spider Nest)

   [ring of dexterity]

   It affects your strength (+3).
   It affects your intelligence (+3).
   It affects your dexterity (+6).
   It protects you from fire.
   It may slow you when you take damage.
 E - a +4 ring of evasion
 H - the ring of Vehumet's Vengeance {rElec rF+ MR+ Str-3 Dex+4}
   (You bought it in a shop on level 13 of the Dungeon)

   [ring of protection from magic]

   It affects your strength (-3).
   It affects your dexterity (+4).
   It protects you from fire.
   It insulates you from electricity.
   It affects your resistance to hostile enchantments.
 P - an uncursed ring of protection from fire
 R - an amulet of reflection (around neck)
Wands
 n - a wand of flame (113)
 u - a wand of digging (8)
 G - a wand of acid (57)
 J - a wand of disintegration (6)
 K - a wand of iceblast (9)
 M - a wand of clouds (9)
 U - a wand of enslavement (8)
 W - a wand of paralysis (18)
 X - a wand of polymorph (27)
Scrolls
 h - 4 scrolls of fog
 o - 31 scrolls of identify
 p - 29 scrolls of teleportation
 v - 3 scrolls of summoning
 y - 19 scrolls of remove curse
 A - 2 scrolls of fear
 D - 7 scrolls of enchant weapon
 I - 6 scrolls of magic mapping
 O - 5 scrolls of holy word
 T - 3 scrolls of brand weapon
 Y - 7 scrolls of blinking
Potions
 g - 2 potions of might
 i - 8 potions of haste
 q - 3 potions of cancellation
 r - 6 potions of ambrosia
 s - 5 potions of magic
 t - 4 potions of heal wounds
 z - 21 potions of curing
Miscellaneous
 e - a phial of floods
 S - 3 phantom mirrors
Comestibles
 f - 49 rations


   Skills:
 + Level 26.2(27) Fighting
 - Level 20.0(25.0) Maces & Flails
 - Level 1.7(6.7) Throwing
 - Level 12.1(17.1) Armour
 + Level 17.7(22.7) Dodging
 - Level 7.4 Invocations
 - Level 6.1 Evocations


You had 22 spell levels left.
You didn't know any spells.
Your spell library contained the following spells:

 Spells                   Type           Power        Failure   Level  Hunger
 Beastly Appendage        Tmut           #.....       93%         1    ##.....
 Corona                   Hex            #......      93%         1    ##.....
 Freeze                   Ice            #...         93%         1    ##.....
 Magic Dart               Conj           #...         93%         1    ##.....
 Sandblast                Erth           #.....       93%         1    ##.....
 Summon Small Mammal      Summ           #...         93%         1    ##.....
 Blink                    Tloc           N/A          98%         2    ###....
 Call Imp                 Summ           #.......     98%         2    ###....
 Ensorcelled Hibernation  Hex/Ice        #.....       98%         2    ###....
 Passwall                 Tmut/Erth      #.......     98%         2    ###....
 Slow                     Hex            #.......     98%         2    ###....
 Sticks to Snakes         Tmut           #.......     98%         2    ###....
 Swiftness                Chrm/Air       #.......     98%         2    ###....
 Call Canine Familiar     Summ           #.......     100%        3    ####...
 Confusing Touch          Hex            #.......     100%        3    ####...
 Conjure Flame            Conj/Fire      #.......     100%        3    ####...
 Dazzling Flash           Conj/Hex       #.....       100%        3    ####...
 Frozen Ramparts          Ice            #.....       100%        3    ####...
 Mephitic Cloud           Conj/Pois/Air  #.......     100%        3    ####...
 Ozocubu's Armour         Chrm/Ice       #.......     100%        3    ####...
 Recall                   Summ/Tloc      N/A          100%        3    ####...
 Spider Form              Tmut/Pois      #.........   100%        3    ####...
 Static Discharge         Conj/Air       #.......     100%        3    ####...
 Stone Arrow              Conj/Erth      #.....       100%        3    ####...
 Summon Guardian Golem    Hex/Summ       #.......     100%        3    ####...
 Tukima's Dance           Hex            #.......     100%        3    ####...
 Animate Dead             Necr           N/A          100%        4    #####..
 Cause Fear               Hex            #.........   100%        4    #####..
 Hailstorm                Conj/Ice       #.......     100%        4    #####..
 Ice Form                 Ice/Tmut       #.......     100%        4    #####..
 Passage of Golubria      Tloc           N/A          100%        4    #####..
 Petrify                  Tmut/Erth      #.......     100%        4    #####..
 Summon Ice Beast         Ice/Summ       #.......     100%        4    #####..
 Summon Lightning Spire   Summ/Air       #.......     100%        4    #####..
 Blade Hands              Tmut           #.........   100%        5    ######.
 Bolt of Magma            Conj/Fire/Erth #.........   100%        5    ######.
 Borgnjor's Vile Clutch   Necr/Erth      #.........   100%        5    ######.
 Iskenderun's Battlesphe  Conj/Chrm      #.......     100%        5    ######.
 Lee's Rapid Deconstruct  Erth           #.........   100%        5    ######.
 Lightning Bolt           Conj/Air       #.........   100%        5    ######.
 Metabolic Englaciation   Hex/Ice        #.........   100%        5    ######.
 Silence                  Hex/Air        #.........   100%        5    ######.
 Yara's Violent Unravell  Hex/Tmut       #.........   100%        5    ######.
 Darkness                 Hex            #.........   100%        6    #######
 Death Channel            Necr           #.........   100%        6    #######
 Freezing Cloud           Conj/Ice/Air   #.........   100%        6    #######
 Invisibility             Hex            #.......     100%        6    #######
 Iron Shot                Conj/Erth      #.........   100%        6    #######
 Ozocubu's Refrigeration  Ice            #.........   100%        6    #######
 Simulacrum               Ice/Necr       #.........   100%        6    #######
 Orb of Destruction       Conj           #.........   100%        7    #######
 Spellforged Servitor     Conj/Summ      #.........   100%        7    #######
 Discord                  Hex            #.........   100%        8    #######
 Ignition                 Fire           #.........   100%        8    #######
 Shatter                  Erth           #.........   100%        9    #######
 Tornado                  Air            #.........   100%        9    #######


Dungeon Overview and Level Annotations

Branches:
Dungeon (15/15)            Temple (0/1) D:5            Lair (6/6) D:9
  Swamp (4/4) Lair:4       Spider (4/4) Lair:4        Slime (0/5) Lair:6
    Orc (2/2) D:11            Elf (0/3) Orc:2        Vaults (4/5) D:14
  Crypt (0/3) Vaults:3     Depths (2/5) D:15          IceCv (visited)
Gauntlet (visited)

Altars:
Ashenzari
Dithmenos
Kikubaaqudgha
Makhleb
Nemelex Xobeh
Okawaru
Qazlal
Sif Muna
Trog
Xom
Yredelemnul
Beogh

Shops:
D:6 [   D:13 *   Orc:2 *([:   Vaults:1 [   Vaults:2 [   Vaults:3 (
Vaults:4 ?%

Portals:
Hell: Depths:1 Depths:2
Abyss: Spider:2 Depths:1
Pandemonium: Depths:1


Innate Abilities, Weirdness & Mutations

You are resistant to torment.
Your stone body is resilient. (AC +17)
You are immune to poison.
Your large and strong wings let you fly indefinitely.
You resist negative energy. (rN+)
You are resistant to electric shocks. (rElec)
You can survive without breathing.
You are immune to petrification.
You are immune to rotting.
Scrolls take you a little longer to read.
Your magical capacity is very low. (-20% MP)
Your muscles are strong. (Str +2)
Your spells are a little easier to cast, but a little less powerful.


Message History

You sock the purple ugly thing!
The purple ugly thing is moderately wounded.
The two-headed ogre misses you. x2
The two-headed ogre shouts in stereo!
You crush the purple ugly thing like a grape!!!
You kill the purple ugly thing!
Okawaru accepts your kill.
You hear a shout!
The stone giant throws a large rock.
The large rock hits you!!
* * * LOW HITPOINT WARNING * * *
The large rock dissolves into shadows!
The two-headed ogre misses you. You block the two-headed ogre's attack.
Really read with blurry vision while enemies are nearby?
The stone giant throws a large rock.
The large rock closely misses you.
The large rock dissolves into shadows!
You begin reading the scroll.
You continue reading the scroll.
The two-headed ogre completely misses you.
The two-headed ogre hits you but does no damage.
The stone giant throws a large rock.
The large rock hits you!!
You die...

.#....## .... ......#..#.Guu
.#..##.##.# #........#..#..cJ.
.#)[....##.. Z#...#..C.......uC.
.......#.##..
......ggO..#....u..
#.(...#)..##.#
..#gDO#CO#.....V##
#((........##.###O#gOOOO.......#
.##.........##..C#.cC(OOO.....##
.##.###....#.##O†#.ZOCOO.....#
...## ##..#...##@#.##uuO......
..## #.....#.#####.ug....#.# ###
#.....#..###(......## #
####......#......#.#
#.............###
###############


You could see a stone giant (summoned) and 2 two-headed ogres.

Vanquished Creatures
  the Lernaean hydra (Swamp:4)
  A caustic shrike (Depths:2)
  A golden dragon (Depths:2)
  A profane servitor (Spider:2)
  A bone dragon (Abyss:3)
  3 liches
  Rupert (Lair:4)
  2 tentacled monstrosities (Depths:2)
  Asterion (Vaults:2)
  2 titans (Depths:2)
  A deep elf master archer (Depths:2)
  A quicksilver dragon (Depths:2)
  2 sphinxes (Depths:2)
  A tentacled starspawn (Abyss:2)
  A shadow dragon (Vaults:3)
  4 tengu reavers
  4 thorn hunters
  Kirke (Swamp:2)
  The ghost of Maygof the Alchemist, an adept MfTm of Hepliaklqana (Spider:3)
  Roxanne (Swamp:2)
  2 storm dragons
  8 ghost moths
  An iron dragon (Depths:2)
  4 fire giants
  Louise (D:14)
  4 frost giants
  A deep elf sorcerer (Depths:2)
  4 vault wardens
  3 emperor scorpions
  A cacodemon (Depths:1)
  An orc warlord (Orc:2)
  A juggernaut zombie (Depths:2)
  7 very ugly things
  11 stone giants
  16 ironheart preservers
  A war gargoyle (Vaults:4)
  A deep elf demonologist (Vaults:3)
  6 entropy weavers
  A deep elf annihilator (Vaults:3)
  A vampire knight (Depths:2)
  A minotaur (Gauntlet)
  6 ettins
  10 spark wasps
  2 blizzard demons
  The ghost of Mryle the Unseen, a journeyman FeEn of Uskayaw (Spider:2)
  2 deep elf high priests (Depths:2)
  A great orb of eyes (shapeshifter) (Depths:1)
  22 hydras
  15 yaktaur captains
  2 fire dragons
  8 rakshasas
  7 great orbs of eyes
  A spriggan air mage (Depths:2)
  An ice dragon (shapeshifter) (Depths:2)
  2 vault guards
  7 ice dragons
  Erolcha (D:9)
  Erica (D:8)
  14 centaur warriors
  A ghost crab (Swamp:4)
  29 two-headed ogres
  3 shambling mangroves
  4 death knights
  A queen ant (Spider:4)
  A dancing weapon (Abyss:3)
  11 alligators
  An anaconda (shapeshifter) (D:14)
  A vampire mage (Depths:2)
  10 ogre magi
  7 deep troll earth magi
  2 tengu warriors
  2 spriggan berserkers (Depths:2)
  2 deep troll shamans
  3 orc high priests
  6 thrashing horrors
  7 deep elf knights
  A sixfirhy (Abyss:2)
  A soul eater (Gauntlet)
  A shadow wraith (Vaults:2)
  2 sun demons
  10 skeletal warriors
  2 wretched stars
  An unseen horror (D:12)
  21 deep trolls
  A flayed ghost (Vaults:2)
  A spatial maelstrom (Abyss:2)
  10 swamp dragons
  4 wizards
  6 glowing orange brains
  2 spriggan druids (Swamp:3)
  10 deep elf archers
  A swamp dragon (shapeshifter) (Depths:2)
  4 phantasmal warriors
  A harpy (shapeshifter) (Vaults:4)
  21 orc knights
  An orange crystal statue (Depths:1)
  6 starcursed masses
  3 harpies
  21 orb spiders
  16 deep elf magi
  8 necromancers
  A frost giant zombie (Depths:1)
  A cyclops (shapeshifter) (Depths:2)
  41 ugly things
  3 manticores
  11 ironbrand convokers
  39 wolf spiders
  A worldbinder (Abyss:3)
  A fire giant zombie (Depths:1)
  7 orc sorcerers
  17 elephants
  6 black mambas
  5 cyclopes
  2 rust devils (Depths:1)
  5 human skeletons
  4 moths of wrath
  18 vault sentinels
  3 ice statues (IceCv)
  A smoke demon (Abyss:2)
  3 gargoyles
  2 orange demons
  28 spiny frogs
  Maggie (D:8)
  A kobold demonologist (D:14)
  2 torpor snails
  7 komodo dragons
  33 yaktaurs
  An efreet (D:15)
  13 freezing wraiths
  4 rime drakes
  3 ancient zymes
  A hellwing (Depths:1)
  17 demonic crawlers
  9 ice devils
  A tengu conjurer (Swamp:1)
  A meliai (shapeshifter) (Depths:2)
  13 trolls
  A red devil (Depths:1)
  3 polar bears (Lair:6)
  A shadow dragon simulacrum (Depths:1)
  A hornet (shapeshifter) (Vaults:1)
  34 jumping spiders
  27 hornets
  A wind drake (shapeshifter) (Vaults:2)
  11 raiju
  A harpy skeleton (D:14)
  12 tyrant leeches
  19 bog bodies
  A slime creature (shapeshifter) (D:14)
  6 dream sheep
  A stone giant simulacrum (Vaults:3)
  14 blink frogs
  A frost giant simulacrum (Vaults:3)
  2 hippogriffs (shapeshifter)
  24 slime creatures
  A centaur simulacrum (D:15)
  A meliai zombie (D:13)
  11 hippogriffs
  A spriggan zombie (Depths:1)
  74 redbacks
  2 shadows
  A tarantella (shapeshifter) (Vaults:4)
  A spriggan (shapeshifter) (Vaults:4)
  22 spriggans
  A vampire (D:15)
  4 ynoxinuls
  A wyvern (shapeshifter) (Depths:2)
  An air elemental (Abyss:2)
  2 small abominations
  39 tarantellas
  56 yaks
  9 basilisks
  2 wyverns
  A hog (shapeshifter) (Vaults:3)
  A human (shapeshifter) (Depths:2)
  7 wraiths
  2 basilisks (shapeshifter)
  A yak (shapeshifter) (Depths:2)
  A fire elemental (Lair:6)
  A human (D:8)
  A human simulacrum (Vaults:1)
  3 hogs (D:8)
  5 large abominations
  3 hungry ghosts
  25 vampire mosquitoes
  16 swamp worms
  4 neqoxecs
  24 soldier ants
  3 insubstantial wisps (Swamp:1)
  4 wargs
  A soldier ant (shapeshifter) (Vaults:3)
  Duvessa (D:4)
  10 porcupines
  3 acid dragons
  A hydra simulacrum (Abyss:3)
  12 water moccasins
  49 orc warriors
  6 ice beasts
  4 sky beasts
  A black bear (shapeshifter) (Depths:1)
  9 black bears
  An elf zombie (Vaults:3)
  19 swamp drakes
  An eye of draining (D:13)
  An orc zombie (Vaults:2)
  2 phantoms (D:7)
  A necrophage (D:9)
  An ettin simulacrum (Vaults:2)
  A hornet zombie (D:10)
  29 ogres
  13 boggarts
  14 wolves (Lair:6)
  24 centaurs
  7 crocodiles
  An elf skeleton (Vaults:2)
  2 big kobolds
  A human zombie (Vaults:3)
  19 bullfrogs
  A gnoll sergeant (D:10)
  Dowan (D:4)
  A wyvern skeleton (D:11)
  4 scorpions
  An orc simulacrum (Vaults:2)
  9 killer bees
  6 wights
  A bullfrog zombie (D:10)
  7 howler monkeys
  7 crimson imps
  A lava snake (Lair:6)
  5 centaur zombies
  A draconian simulacrum (IceCv)
  2 quasits
  32 orc priests
  4 hounds
  9 jellies
  8 bullfrog skeletons
  An iron imp (Abyss:2)
  4 centaur skeletons
  31 worker ants
  Ijyb (D:4)
  7 iguanas
  22 orc wizards
  2 spriggan simulacra (IceCv)
  2 troll simulacra (IceCv)
  2 killer bee zombies
  3 hound skeletons
  Robin (D:4)
  11 gnolls
  2 naga simulacra (IceCv)
  3 ogre simulacra (IceCv)
  13 adders
  9 shadow imps
  3 white imps
  An ufetubus (Abyss:3)
  5 oozes
  An adder zombie (D:7)
  An adder skeleton (D:4)
  3 worms
  2 dart slugs
  6 leopard geckos
  103 orcs
  A ball python (D:3)
  5 giant cockroaches
  13 hobgoblins
  20 jackals
  7 quokkas
  A ball python skeleton (D:4)
  6 bats
  5 frilled lizards
  14 goblins
  16 kobolds
  A leopard gecko zombie (D:8)
  6 rats
  A briar patch (Swamp:4)
  A lurking horror (Abyss:2)
1923 creatures vanquished.

Vanquished Creatures (collateral kills)
  A yak (Lair:4)
  A crocodile (Lair:4)
2 creatures vanquished.

Vanquished Creatures (others)
  A rakshasa (Vaults:3)
  A yaktaur captain (Vaults:3)
  An unseen horror (shapeshifter) (Vaults:1)
  A yaktaur (Vaults:3)
  A jumping spider (Spider:1)
  5 briar patches
  A bush (Swamp:4)
  21 demonic plants (Gauntlet)
  15 fungi
  6 plants
  2 withered plants (Gauntlet)
55 creatures vanquished.

Grand Total: 1980 creatures vanquished

Notes
Turn   | Place    | Note
-------+----------+-------------------------------------------
     0 | D:1      | Curus the Gargoyle Gladiator began the quest for the Orb.
     0 | D:1      | Reached XP level 1. HP: 12/12 MP: 1/1
   331 | D:1      | Reached XP level 2. HP: 17/17 MP: 2/2
   467 | D:1      | Reached XP level 3. HP: 21/21 MP: 3/3
  1167 | D:2      | Found a shattered altar of Ashenzari.
  1185 | D:2      | Found a bloodstained altar of Trog.
  1426 | D:2      | Reached XP level 4. HP: 24/26 MP: 4/4
  1691 | D:2      | Found an iron altar of Okawaru.
  1691 | D:2      | Found a shimmering blue altar of Sif Muna.
  1694 | D:2      | Became a worshipper of Warmaster Okawaru
  1700 | D:3      | Reached skill level 5 in Maces & Flails
  1701 | D:3      | Noticed a big kobold
  1728 | D:3      | Killed a big kobold
  1728 | D:3      | Reached XP level 5. HP: 23/30 MP: 5/5
  2199 | D:3      | Reached XP level 6. HP: 35/35 MP: 6/6
  3031 | D:4      | Noticed Dowan
  3032 | D:4      | Noticed Duvessa
  3035 | D:4      | Noticed Ijyb
  3051 | D:4      | Killed Duvessa
  3051 | D:4      | Reached * piety under Okawaru
  3051 | D:4      | Reached XP level 7. HP: 27/40 MP: 7/7
  3062 | D:4      | Paralysed by Ijyb for 7 turns
  3072 | D:4      | Paralysed by Ijyb for 3 turns
  3077 | D:4      | Killed Ijyb
  3089 | D:4      | Killed Dowan
  3226 | D:4      | Noticed Robin
  3251 | D:4      | Killed Robin
  4062 | D:5      | Entered Level 5 of the Dungeon
  4085 | D:5      | Found a staircase to the Ecumenical Temple.
  4101 | D:5      | Reached XP level 8. HP: 38/44 MP: 8/8
  4826 | D:5      | Reached ** piety under Okawaru
  5166 | D:6      | Reached skill level 10 in Maces & Flails
  5879 | D:6      | Found an ancient bone altar of Kikubaaqudgha.
  5880 | D:6      | Found a sparkling altar of Nemelex Xobeh.
  5897 | D:6      | Gained mutation: Your muscles are strong. (Str +2) [potion
                  | of mutation]
  5897 | D:6      | Gained mutation: Your large and strong wings let you fly
                  | indefinitely. [potion of mutation]
  5897 | D:6      | Gained mutation: Your magical capacity is low. (-10% MP)
                  | [potion of mutation]
  5897 | D:6      | Gained mutation: You are robust. (+10% HP) [potion of
                  | mutation]
  6072 | D:6      | Found a shadowy altar of Dithmenos.
  6155 | D:6      | Found Sologral's Antique Armour Shop.
  6311 | D:7      | Reached XP level 9. HP: 15/52 MP: 8/8
  6789 | D:7      | Reached *** piety under Okawaru
  7149 | D:7      | Found a shadowy altar of Dithmenos.
  7406 | D:8      | Noticed Maggie
  7542 | D:8      | Noticed Erica
  7558 | D:8      | HP: 2/52 [something/lance of force (13)]
  8325 | D:8      | Reached **** piety under Okawaru
  8325 | D:8      | Reached XP level 10. HP: 43/58 MP: 9/9
  8650 | D:8      | Killed Maggie
  8670 | D:8      | Killed Erica
  8909 | D:8      | Reached ***** piety under Okawaru
  8909 | D:8      | Reached skill level 1 in Armour
  8925 | D:8      | Received a gift from Okawaru
  8925 | D:8      | Reached skill level 3 in Fighting
  9238 | D:9      | Reached skill level 4 in Fighting
  9347 | D:9      | Noticed Erolcha
  9401 | D:9      | Killed Erolcha
  9401 | D:9      | Reached skill level 5 in Fighting
  9586 | D:9      | Reached skill level 5 in Armour
  9635 | D:9      | Reached XP level 11. HP: 67/70 MP: 9/9
  9647 | D:9      | Reached skill level 6 in Fighting
  9967 | D:9      | Reached skill level 7 in Fighting
 10160 | D:9      | Found a staircase to the Lair.
 10166 | Lair:1   | Entered Level 1 of the Lair of Beasts
 10235 | Lair:1   | Reached skill level 1 in Invocations
 10240 | Lair:1   | Reached skill level 1 in Evocations
 10252 | Lair:1   | Found a frozen archway.
 10259 | IceCv    | Entered an ice cave
 11252 | IceCv    | Received a gift from Okawaru
 11252 | IceCv    | Reached skill level 5 in Invocations
 11350 | IceCv    | Noticed a necromancer
 11362 | IceCv    | Killed a necromancer
 11515 | Lair:1   | Reached skill level 5 in Evocations
 11520 | Lair:1   | Reached XP level 12. HP: 42/79 MP: 13/14
 11539 | Lair:1   | Reached ****** piety under Okawaru
 11749 | Lair:1   | Noticed a five-headed hydra
 11760 | Lair:1   | Killed a five-headed hydra
 12213 | Lair:1   | Received a gift from Okawaru
 12214 | Lair:1   | Got a jewelled great mace {god gift}
 12215 | Lair:1   | Identified the +9 great mace of Living Forgiveness {vorpal,
                  | Int+2} (Okawaru gifted it to you on level 1 of the Lair of
                  | Beasts)
 12363 | Lair:1   | Reached skill level 8 in Fighting
 13034 | Lair:2   | Noticed a six-headed hydra
 13411 | Lair:1   | Received a gift from Okawaru
 13677 | Lair:2   | Reached skill level 9 in Fighting
 14183 | Lair:2   | Killed a six-headed hydra
 14669 | Lair:3   | Noticed a four-headed hydra
 14678 | Lair:3   | Killed a four-headed hydra
 14678 | Lair:3   | Reached skill level 10 in Fighting
 14678 | Lair:3   | Reached XP level 13. HP: 65/90 MP: 16/16
 14876 | Lair:3   | Reached skill level 10 in Armour
 15070 | Lair:3   | Received a gift from Okawaru
 15080 | Lair:3   | Got a fine dire flail {god gift}
 16035 | Lair:3   | Identified the +1 dire flail of Balance {venom, *Corrode
                  | rF++ MR- Int+9} (Okawaru gifted it to you on level 3 of the
                  | Lair of Beasts)
 16056 | Lair:4   | Found a staircase to the Swamp.
 16062 | Lair:4   | Reached skill level 11 in Fighting
 16704 | Lair:4   | Noticed Rupert
 16717 | Lair:4   | Killed Rupert
 16719 | Lair:4   | Found a hole to the Spider Nest.
 17409 | Lair:5   | Reached skill level 12 in Fighting
 17464 | Lair:5   | Reached skill level 15 in Maces & Flails
 17472 | Lair:5   | Received a gift from Okawaru
 17977 | Lair:6   | Entered Level 6 of the Lair of Beasts
 18040 | Lair:6   | Mutation became permanent: Your large and strong wings let
                  | you fly indefinitely. [Gargoyle growth]
 18040 | Lair:6   | Gained mutation: Your large and strong wings let you fly
                  | indefinitely. [Gargoyle growth]
 18040 | Lair:6   | Reached XP level 14. HP: 59/101 MP: 17/17
 18264 | Lair:6   | Reached skill level 13 in Fighting
 18904 | Lair:6   | Received a gift from Okawaru
 19180 | Lair:6   | Found a staircase to the Slime Pits.
 19501 | Lair:6   | Reached skill level 14 in Fighting
 20514 | D:9      | Found a shimmering altar of Xom.
 20572 | D:10     | Entered Level 10 of the Dungeon
 20808 | D:10     | Found an iron altar of Okawaru.
 21907 | D:11     | Found a staircase to the Orcish Mines.
 21913 | Orc:1    | Entered Level 1 of the Orcish Mines
 22230 | Orc:1    | Reached XP level 15. HP: 18/111 MP: 18/18
 22483 | Orc:1    | Found a roughly hewn altar of Beogh.
 22772 | Orc:2    | Entered Level 2 of the Orcish Mines
 22786 | Orc:2    | Noticed an orc warlord
 22835 | Orc:1    | Received a gift from Okawaru
 23046 | Orc:2    | Found a roughly hewn altar of Beogh.
 23073 | Orc:2    | Paralysed by an orc sorcerer for 4 turns
 23099 | Orc:1    | Reached skill level 15 in Fighting
 23864 | Orc:2    | Killed an orc warlord
 23898 | Orc:2    | Found Moatt's Book Emporium.
 24081 | Orc:2    | Found Sayteh's Antique Armour Boutique.
 24090 | Orc:2    | Bought a faintly glowing helmet for 256 gold pieces
 24112 | Orc:2    | Identified the +2 helmet of Inquiry {-Cast rElec Str+3}
                  | (You bought it in a shop on level 2 of the Orcish Mines)
 24292 | Orc:2    | Found Beqauss's Antique Weapon Boutique.
 24304 | Orc:2    | Found a staircase to the Elven Halls.
 24480 | Orc:2    | Found Fitoustro's General Store.
 24531 | Orc:2    | Bought the ring "Jilyemoz" {rF+ rC+} for 507 gold pieces
 24531 | Orc:2    | Bought a potion of haste for 130 gold pieces
 24531 | Orc:2    | Bought a scroll of enchant armour for 97 gold pieces
 24531 | Orc:2    | Bought a scroll of fog for 26 gold pieces
 24531 | Orc:2    | Bought a potion of heal wounds for 65 gold pieces
 24986 | D:11     | Found a stormy altar of Qazlal.
 26140 | D:13     | Found a gate leading to a gauntlet.
 26153 | Gauntlet | Entered a Gauntlet
 26153 | Gauntlet | Found a transporter.
 26163 | Gauntlet | Found a transporter.
 26178 | Gauntlet | Found a transporter.
 26183 | Gauntlet | Found a transporter.
 26205 | Gauntlet | Found a transporter.
 26219 | Gauntlet | Found a transporter.
 26231 | Gauntlet | Found a transporter.
 26243 | Gauntlet | Found a transporter.
 26249 | Gauntlet | Found a transporter.
 26249 | Gauntlet | Found a transporter.
 26264 | Gauntlet | Found a transporter.
 26270 | Gauntlet | Found a transporter.
 26284 | Gauntlet | Found the ring of Phasing {EV+8}
 26285 | Gauntlet | Found a transporter.
 26291 | Gauntlet | Found a transporter.
 26330 | Gauntlet | Found a transporter.
 26355 | Gauntlet | Found a transporter.
 26357 | Gauntlet | Found a transporter.
 26377 | Gauntlet | Found a transporter.
 26621 | Gauntlet | Got a translucent bronze ring
 26625 | Gauntlet | Identified the ring of Reigresch {*Contam rF+++ MP+9 Dex-4
                  | Stlth+} (You found it in a Gauntlet)
 26728 | Gauntlet | Got a pair of crude gloves
 26743 | Gauntlet | Identified the +2 pair of gloves of Xireff {rF+++ rN+ MP+9
                  | Int-5} (You found it in a Gauntlet)
 26773 | Gauntlet | Lost mutation: You are robust. (+10% HP) [mutagenic glow]
 26781 | Gauntlet | Reached skill level 16 in Fighting
 26895 | D:13     | Received a gift from Okawaru
 27386 | D:13     | Found Giwkimn's Assorted Antiques.
 27398 | D:13     | Bought a twisted marble ring for 165 gold pieces
 27398 | D:13     | Bought a vibrating copper ring for 165 gold pieces
 27399 | D:13     | Identified the ring of Vehumet's Vengeance {rElec rF+ MR+
                  | Str-3 Dex+4} (You bought it in a shop on level 13 of the
                  | Dungeon)
 27584 | D:14     | Found a shimmering altar of Xom.
 27690 | D:14     | Found a shimmering altar of Xom.
 27780 | D:14     | Reached XP level 16. HP: 103/111 MP: 19/19
 27878 | D:14     | Found a shimmering altar of Xom.
 27878 | D:14     | Found a shimmering altar of Xom.
 28227 | D:14     | Found a shimmering altar of Xom.
 28357 | D:14     | Noticed Louise
 28361 | D:14     | Cast into level 2 of the Abyss (Louise)
 28365 | Abyss:2  | Found a corrupted altar of Lugonu.
 28447 | Abyss:2  | Received a gift from Okawaru
 28463 | Abyss:2  | Reached skill level 17 in Fighting
 28480 | Abyss:2  | Gained mutation: Your spells are a little easier to cast,
                  | but a little less powerful. [a neqoxec]
 28486 | Abyss:2  | Gained mutation: Scrolls take you a little longer to read.
                  | [a neqoxec]
 28487 | Abyss:2  | Gained mutation: Your magical capacity is very low. (-20%
                  | MP) [a neqoxec]
 28665 | Abyss:2  | Noticed a tentacled starspawn
 28672 | Abyss:2  | Killed a tentacled starspawn
 28833 | D:14     | Escaped the Abyss
 28856 | D:14     | Cast into level 3 of the Abyss (Louise)
 29079 | Abyss:3  | Noticed a bone dragon
 29098 | Abyss:3  | Killed a bone dragon
 29194 | Abyss:3  | HP: 5/114 [large abomination (18)]
 29231 | D:14     | Escaped the Abyss
 29248 | D:14     | Killed Louise
 29248 | D:14     | Received a gift from Okawaru
 29711 | D:14     | Reached skill level 18 in Fighting
 29739 | D:14     | Found a gate to the Vaults.
 29855 | D:15     | Entered Level 15 of the Dungeon
 30170 | D:15     | Reached XP level 17. HP: 86/120 MP: 18/18
 30744 | D:14     | Received a gift from Okawaru
 30749 | D:14     | Found a shimmering altar of Xom.
 31015 | D:15     | Found a staircase to the Depths.
 31729 | Swamp:1  | Entered Level 1 of the Swamp
 31758 | Swamp:1  | HP: 4/120 [swamp worm (8)]
 31767 | Swamp:1  | HP: 1/120 [alligator (2)]
 32185 | Swamp:1  | Got a twisted chain mail
 33127 | Swamp:1  | Identified the +4 chain mail of Absence {rCorr} (You found
                  | it on level 1 of the Swamp)
 33140 | Swamp:2  | Reached skill level 19 in Fighting
 33232 | Swamp:2  | Noticed Kirke
 33240 | Swamp:2  | Killed Kirke
 33672 | Swamp:2  | Identified Roxanne's Reference Book on Shape Shifting
 33672 | Swamp:2  | Noticed Roxanne
 33697 | Swamp:2  | Killed Roxanne
 33709 | Swamp:2  | Received a gift from Okawaru
 33883 | Swamp:2  | Identified a scroll of acquirement
 33883 | Swamp:2  | Acquired 690 gold pieces
 34864 | Swamp:3  | Reached XP level 18. HP: 114/129 MP: 18/18
 35545 | Orc:2    | Bought a manual of Dodging for 1766 gold pieces
 35968 | Spider:1 | Entered Level 1 of the Spider Nest
 35978 | Spider:1 | Received a gift from Okawaru
 35979 | Spider:1 | Found the +3 pair of gauntlets of War {Slay+5}
 37321 | Spider:1 | Reached skill level 20 in Fighting
 37482 | Spider:1 | Reached skill level 5 in Dodging
 38276 | Spider:2 | Found a transporter.
 38635 | Spider:2 | Got a scintillating lapis lazuli ring
 38637 | Spider:2 | Identified the ring "Fiathrijo" {rPois MR+} (You found it
                  | on level 2 of the Spider Nest)
 38790 | Spider:2 | Found a transporter.
 38794 | Spider:2 | Noticed a profane servitor
 39869 | Spider:2 | Noticed Mryle's ghost (journeyman FeEn)
 39909 | Spider:2 | Found a one-way gate to the infinite horrors of the Abyss.
 40323 | Spider:3 | Received a gift from Okawaru
 40496 | Spider:3 | Found a runed translucent door.
 40498 | Spider:3 | Noticed Maygof's ghost (adept MfTm)
 40769 | Spider:3 | Received a gift from Okawaru
 41010 | Spider:3 | Killed Maygof's ghost
 41318 | Swamp:4  | Entered Level 4 of the Swamp
 41545 | Swamp:4  | Reached skill level 21 in Fighting
 41545 | Swamp:4  | Reached skill level 10 in Dodging
 41545 | Swamp:4  | Reached XP level 19. HP: 119/137 MP: 19/19
 41727 | Swamp:4  | Noticed the 27-headed Lernaean hydra
 41746 | Swamp:4  | Killed the 27-headed Lernaean hydra
 41788 | Swamp:4  | Got a decaying rune of Zot
 42302 | Swamp:4  | Received a gift from Okawaru
 42305 | Swamp:4  | Found the +11 plutonium sword {*Contam Stlth-}
 42751 | Spider:4 | Entered Level 4 of the Spider Nest
 43906 | Spider:4 | Reached skill level 22 in Fighting
 44130 | Spider:4 | Got a gossamer rune of Zot
 44787 | Spider:4 | Reached XP level 20. HP: 127/145 MP: 20/20
 44949 | Spider:2 | Killed a profane servitor
 44949 | Spider:2 | Received a gift from Okawaru
 44960 | Spider:2 | Killed Mryle's ghost
 44963 | Spider:2 | Got a warped chain mail {god gift}
 45039 | Spider:2 | Got a glittering pewter ring
 45041 | Spider:2 | Identified the ring "Qunahyqo" {*Slow rF+ Str+3 Int+3
                  | Dex+6} (You found it on level 2 of the Spider Nest)
 45425 | D:10     | Identified the +1 chain mail of the Slug {Dex+5} (Okawaru
                  | gifted it to you on level 2 of the Spider Nest)
 45614 | Vaults:1 | Entered Level 1 of the Vaults
 46798 | Vaults:1 | Found Pivarchudi's Armour Shop.
 46948 | Vaults:1 | Reached skill level 23 in Fighting
 47093 | Vaults:1 | Received a gift from Okawaru
 47111 | Vaults:1 | Got a distressingly furry chain mail {god gift}
 47399 | Vaults:1 | Identified the +4 chain mail of Ymeeto {rElec Int+2 Dex+2}
                  | (Okawaru gifted it to you on level 1 of the Vaults)
 47995 | Vaults:2 | Noticed Asterion
 48003 | Vaults:2 | Killed Asterion
 48547 | Vaults:2 | Reached XP level 21. HP: 153/153 MP: 21/21
 48872 | Vaults:2 | Found Varphota's Armour Boutique.
 48927 | Vaults:2 | Bought a +2 pair of boots of running for 498 gold pieces
 49554 | Vaults:2 | Received a gift from Okawaru
 49880 | Vaults:3 | Received a gift from Okawaru
 50102 | Vaults:3 | Reached skill level 15 in Dodging
 50356 | Vaults:3 | Reached skill level 24 in Fighting
 50715 | Vaults:3 | HP: 7/156 [ettin/+0 dire flail (9)]
 51363 | Vaults:3 | Found a staircase to the Crypt.
 51363 | Vaults:3 | Found an ancient bone altar of Kikubaaqudgha.
 51364 | Vaults:3 | Found a basalt altar of Yredelemnul.
 51965 | Vaults:3 | Found Tuofum's Weapon Shoppe.
 52153 | Vaults:4 | Received a gift from Okawaru
 52328 | Vaults:4 | Reached XP level 22. HP: 163/163 MP: 22/22
 52554 | Vaults:4 | Found Noafoc's Food Shoppe.
 53107 | Vaults:4 | Found Wiarhiu's Magic Scroll Shop.
 53115 | Vaults:4 | Bought a scroll of teleportation for 72 gold pieces
 53115 | Vaults:4 | Bought a scroll of teleportation for 72 gold pieces
 53876 | Depths:1 | Entered Level 1 of the Depths
 53913 | Depths:1 | Found a one-way gate leading to the halls of Pandemonium.
 53914 | Depths:1 | Reached skill level 25 in Fighting
 53927 | Depths:1 | Received a gift from Okawaru
 54523 | Depths:1 | Found a gateway to Hell.
 55203 | Depths:1 | Found a burning altar of Makhleb.
 56267 | Depths:2 | Noticed a golden dragon
 56292 | Depths:2 | Killed a golden dragon
 56565 | Depths:2 | Identified the +8 glaive "Maduypt" {vorpal, *Corrode rPois
                  | rC++}
 56590 | Depths:2 | Reached XP level 23. HP: 100/171 MP: 22/22
 56641 | Depths:2 | Received a gift from Okawaru
 57026 | Depths:2 | Noticed a caustic shrike
 57034 | Depths:2 | Killed a caustic shrike
 57877 | Depths:2 | Reached skill level 26 in Fighting
 58692 | Depths:2 | Hit by a large rock thrown by a stone giant

Illustrated notes

Levels and vault maps discovered:
D:1:      dpeg_arrival_short_road, layout_loops_ring, minmay_misc_feat_ornament
D:2:      layout_rooms, nicolae_overflow_hidden_temple, first_ration,
          grunt_decor_resistance, lemuel_old_faithful
D:3:      layout_basic
D:4:      layout_basic, uniq_ijyb, uniq_robin, uniq_duvessa
D:5:      layout_loops_ring, minmay_temple_entry_ruins
D:6:      layout_rooms, grunt_temple_overflow_open, old_standard_altar,
          serial_shops, nicolae_shop_behind_doors,
          corexii_item_surrounded_by_moat, chequers_jeans, grunt_tough_drop
D:7:      layout_rooms, grunt_dithmenos_shadows
D:8:      layout_gridville, grunt_livestock, uniq_erica, uniq_maggie
D:9:      layout_rooms, erik_lair_dragon, basic_altar, uniq_erolcha
D:10:     layout_roguey, okawaru_ov_weapons_minmay
D:11:     layout_roguey, orc_0_dummy, basic_altar, chequers_serial_rivers_room_b
D:12:     layout_loops_ring
D:13:     layout_basic, serial_shops, shop, gauntlet_entry_generic
D:14:     layout_long_grid, david_vaults_5, nicolae_wwwww, basic_altar,
          xom_shifter_show, uniq_louise
D:15:     grunt_enter_depths_snipers, layout_irregular_city,
          chequers_decorated_corner
Lair:1:   layout_loops_ring, portal_ice_cave_rime
Lair:2:   layout_cellular_growth
Lair:3:   layout_cellular_growth, beast_lair_carwin_6
Lair:4:   layout_misc_corridors, minmay_swamp_entry_worms,
          spider_nest_entry_webs, grunt_megastairs_5, uniq_rupert
Lair:5:   layout_small_grid, hangedman_lair_unloving_vines
Lair:6:   minmay_lair_end_enchanted_forest, layout_gridlike,
          nicolae_slime_entry_slimehenge
Swamp:1:  layout_basic_swamp, evilmike_swamp_ruin_house_1, swamp_pool1,
          kb_tengu_band
Swamp:2:  layout_basic_swamp, evilmike_swamp_ruin_rubble_2, swamp_pool2,
          uniq_kirke, uniq_roxanne
Swamp:3:  layout_basic_swamp, serial_swamp_ruin, hangedman_swamp_ruin_hall,
          evilmike_swamp_ruin_house_3
Swamp:4:  grunt_swamp_rune_castle, layout_basic_swamp,
          nicolae_swamp_round_clearing, swamp_pool1
Spider:1: layout_chambers
Spider:2: layout_chambers, gammafunk_ghost_abyssal_escape
Spider:3: layout_spider_delve, ebering_ghost_inner_flame
Spider:4: grunt_spider_rune_island, zaba_anthell
Orc:1:    layout_diamond_mine, minmay_orc_temple_c
Orc:2:    grunt_orc_gardens, layout_diamond_mine, grunt_orc_garden,
          grunt_orc_garden, grunt_orc_garden, grunt_orc_garden, basic_altar
Vaults:1: nicolae_vaults_little_squares_3, nicolae_vaults_theta, v_misc_26,
          v_misc_32, st_cells, nicolae_vaults_little_squares_4,
          vaults_room_hallway, vaults_room_large_hall, ontoclasm_vaults_chip,
          nicolae_vaults_mini_display_case, vaults_mumra_hex,
          grunt_vaults_twisty, layout_vaults_big_room, serial_shops, shop
Vaults:2: grunt_vaults_hallway_short, vaults_dpeg_spiral, v_rooms_6,
          ontoclasm_vaults_gateway, v_rooms_6, ontoclasm_vaults_shuriken,
          vaults_room_pools, v_rooms_4, ontoclasm_vaults_ring_small,
          v_pattern_4, vaults_room_fancy_cross, dpeg_vaults_monster_box,
          layout_vaults_omnigrid, uniq_asterion
Vaults:3: vaults_room_grunt_arrival_ludios, minmay_crypt_entry_necro_gods,
          nicolae_vaults_big_ls, nicolae_vaults_halls_meeting, v_misc_8,
          grunt_vaults_diagonal, hangedman_vaults_variations,
          nicolae_vaults_ring_of_whatevers, ontoclasm_vaults_twist, v_misc_14,
          v_pattern_2, layout_vaults_omnicross, serial_shops, shop
Vaults:4: ontoclasm_vaults_eye, v_misc_18, nicolae_vaults_network_quinsquares
          [nicolae_vaults_network_quincunx_subvault,
          nicolae_vaults_network_quincunx_subvault,
          nicolae_vaults_network_quincunx_subvault,
          nicolae_vaults_network_quincunx_subvault], hangedman_vaults_corner,
          dpeg_vaults_monster_row, hangedman_vaults_snaps,
          ontoclasm_vaults_ring_large, vaults_room_pool,
          nicolae_vaults_little_squares_1, nicolae_vaults_specimen_jars,
          ontoclasm_vaults_ligature, v_alt_pattern_3, layout_vaults_omnibox,
          serial_shops, shop, shop
Depths:1: layout_long_grid, rand_demon_pan_entry_1, abyss_entry,
          minmay_misc_feat_more_columns, hell_entry,
          hangedman_abyss_or_decor_stagger, minmay_misc_feat_four_crosses,
          minivault_16, library_closet, lemuel_statue_altar
Depths:2: hangedman_pleasuredromes, hell_entry

Skill      XL: |  1  2  3  4  5  6  7  8  9 10 11 12 13 14 15 16 17 18 19 20 21 22 23 |
---------------+----------------------------------------------------------------------+-----
Maces & Flails | 4 6 8 9 11 13 14 15 16 18 19 20 | 20.0
Armour         | 5 6 9 10 11 12 | 12.1
Fighting       | 5 7 10 12 14 16 18 19 21 22 23 24 25 26 | 26.2
Invocations    | 6 7 |  7.4
Evocations     | 5 6 |  6.1
Dodging        | 10 12 14 15 17 | 17.7
Throwing       | |  1.7

Action                   |  1- 3 |  4- 6 |  7- 9 | 10-12 | 13-15 | 16-18 | 19-21 | 22-24 || total
-------------------------+-------+-------+-------+-------+-------+-------+-------+-------++-------
Melee: Flail             |   168 |   188 |   592 |   214 |       |       |       |       ||  1162
       Dire flail        |       |       |       |   373 |       |       |       |       ||   373
       Great mace        |       |       |       |   140 |  1173 |  1317 |  1452 |   731 ||  4813
Invok: Heroism           |       |       |     1 |     2 |     3 |     5 |     2 |     1 ||    14
 Abil: Fly               |       |       |     1 |       |       |       |       |       ||     1
       Stop Flying       |       |       |       |       |       |       |     1 |       ||     1
Evoke: Wand              |       |     1 |       |     1 |     4 |     7 |     6 |       ||    19
  Use: Scroll            |     4 |     1 |    10 |     4 |     7 |    12 |     4 |     2 ||    44
       Potion            |     2 |     7 |     4 |     1 |     4 |     5 |     2 |     1 ||    26
 Stab: Distracted        |       |       |       |       |       |     1 |       |       ||     1
  Eat: Chunk             |     2 |     5 |    16 |    14 |    31 |    25 |    25 |    13 ||   131
       Ration            |       |       |     2 |     2 |     3 |     6 |     3 |     2 ||    18
Armor: Leather armour    |    60 |       |       |       |       |       |       |       ||    60
       Ring mail         |    30 |       |       |       |       |       |       |       ||    30
       Chain mail        |     3 |   130 |   314 |       |       |       |       |       ||   447
       Plate armour      |       |       |   106 |   404 |   755 |       |   305 |   440 ||  2010
       Crystal plate arm |       |       |       |       |   433 |  1402 |   707 |       ||  2542
Dodge: Dodged            |   114 |    65 |   216 |   191 |   537 |   433 |   667 |   513 ||  2736
       Repelled          |       |       |       |       |    10 |    12 |    66 |    18 ||   106
Block: Buckler           |       |       |    63 |    23 |       |       |       |       ||    86
       Other             |       |       |       |       |       |   120 |   291 |   128 ||   539
       Reflection        |       |       |       |       |       |       |    27 |     6 ||    33
